 Dungeon Crawl Stone Soup version 0.24.0-28-g17ded55e90 (webtiles) character file.

Game seed: 6664175379517106555, levelgen mode: deterministic

872 Delamore the Cleaver (level 8, -9/64 HPs)
             Began as a Hill Orc Fighter on Nov 11, 2019.
             Mangled by a large slime creature (29 damage)
             ... on level 5 of the Dungeon.
             The game lasted 00:06:02 (3637 turns).

Delamore the Cleaver (Hill Orc Fighter)             Turns: 3637, Time: 00:06:03

Health: -9/64      AC:  8    Str: 21    XL:     8   Next: 4%
Magic:  8/8        EV:  3    Int:  8    God:
Gold:   245        SH:  9    Dex: 10    Spells: 7/7 levels left

rFire    . . .     SeeInvis .   u - +1 trident (venom)
rCold    . . .     Gourm    .   c - +0 shield
rNeg     . . .     Faith    .   m - +0 plate armour
rPois    .         Spirit   .   (no helmet)
rElec    .         Reflect  .   (no cloak)
rCorr    .         Harm     .   e - +0 pair of gloves
MR       .....                  (no boots)
Stlth    ..........             (no amulet)
HPRegen  0.20/turn              (no ring)
MPRegen  0.11/turn              (no ring)

@: corroded
A: no striking features
a: no special abilities


You were on level 5 of the Dungeon.
You were not hungry.

You visited 2 branches of the dungeon, and saw 6 of its levels.

You collected 245 gold pieces.

Inventory:

Hand Weapons
 a - a +0 war axe
 u - a +1 trident of venom (weapon)
Armour
 b - a +0 scale mail
 c - a +0 shield (worn)
 e - a +0 pair of gloves (worn)
 m - a +0 plate armour (worn)
Scrolls
 g - 11 scrolls of identify {unknown}
 h - 3 scrolls of remove curse {unknown}
 k - a scroll of fog {unknown}
 q - a scroll of amnesia {unknown}
 r - 6 scrolls of teleportation {unknown}
Potions
 d - 2 potions of might
 i - a potion of mutation {unknown}
 j - a potion of curing
 l - 2 potions of agility {unknown}
 n - a potion of magic {unknown}
 p - a potion of ambrosia {unknown}
 s - a potion of brilliance {unknown}
 t - a potion of degeneration {unknown}
Comestibles
 f - 7 rations


   Skills:
 - Level 3.6 Fighting
 + Level 11.5 Axes
 - Level 3.2 Armour
 - Level 3.2 Shields


You had 7 spell levels left.
You didn't know any spells.
Your spell library contained the following spells:

 Spells                   Type           Power        Failure   Level  Hunger
 Animate Skeleton         Necr           N/A          100%        1    ##.....
 Apportation              Tloc           #.....       100%        1    ##.....
 Confusing Touch          Hex            #.....       100%        1    ##.....
 Summon Small Mammal      Summ           #...         100%        1    ##.....


Dungeon Overview and Level Annotations

Branches:
Dungeon (5/15)             Temple (1/1) D:4

Altars:
Ashenzari
Dithmenos
Elyvilon
Fedhas
Hepliaklqana
Kikubaaqudgha
Ru
Sif Muna
Trog
Uskayaw
Vehumet
Wu Jian
Xom
Zin

Shops:
D:4 !


Message History

You are too injured to fight recklessly!
You are too injured to fight recklessly!
You hit the slime creature.
The slime creature looks as sick as possible!
The slime creature is moderately wounded.
The slime creature hits you.
* * * LOW HITPOINT WARNING * * *
You hit the slime creature.
The slime creature is moderately wounded.
A slime creature suddenly becomes a large slime creature.
You hit the large slime creature.
The large slime creature looks as sick as possible!
The large slime creature is moderately wounded.
Your plate armour prevents you from hitting the large slime creature.
The large slime creature is moderately wounded.
The large slime creature hits you!
* * * LOW HITPOINT WARNING * * *
Sorry, you're not good enough to have a special ability.
It was a potion of curing.
You feel better. The large slime creature hits you!!
You die...

############# ##...##
$....P..÷##.# ###..#.#>
.J.P...P.##.###....####
JP......÷##........# ##
JP.P.P.P.##.[..##..#
.PJP....÷##.#####.##
.J.J..JJJ##.# #..
#######J# #.# #..#
##...†.@## #.# #...
#(######## #.# .###
##..'....# #.#
####....# #.# #
#.......# #.# .#
#....)..###.# ##.#
#.......##..##...#
#.......##.....###
##.....###.......##


You could see a large slime creature, a jelly and an ooze.

Vanquished Creatures
  Menkaure (D:4)
  A sky beast (D:5)
  An ogre (D:4)
  3 big kobolds (D:5)
  3 crimson imps (D:3)
  An orc priest (D:3)
  A bullfrog skeleton (D:4)
  A worker ant (D:4)
  4 gnolls (D:3)
  4 adders
  3 worms
  2 dart slugs
  5 leopard geckos
  2 orcs (D:3)
  4 bats (D:1)
  9 giant cockroaches
  7 goblins
  6 hobgoblins
  5 jackals
  3 quokkas
  8 ball pythons
  4 frilled lizards
  13 kobolds
  5 rats
96 creatures vanquished.

Vanquished Creatures (others)
  2 fungi (D:5)
  7 toadstools (D:5)
9 creatures vanquished.

Grand Total: 105 creatures vanquished

Notes
Turn   | Place    | Note
-------+----------+-------------------------------------------
     0 | D:1      | Delamore the Hill Orc Fighter began the quest for the Orb.
     0 | D:1      | Reached XP level 1. HP: 19/19 MP: 1/1
    10 | D:1      | Reached skill level 3 in Axes
    59 | D:1      | Reached XP level 2. HP: 26/26 MP: 2/2
    99 | D:1      | Reached skill level 4 in Axes
   412 | D:1      | Reached XP level 3. HP: 31/31 MP: 3/3
   747 | D:2      | Reached skill level 5 in Axes
   932 | D:2      | Found a shadowy altar of Dithmenos.
  1213 | D:2      | Reached XP level 4. HP: 39/39 MP: 4/4
  1428 | D:3      | Reached skill level 6 in Axes
  1495 | D:3      | Reached XP level 5. HP: 19/45 MP: 5/5
  1850 | D:3      | Reached skill level 7 in Axes
  2039 | D:3      | Found a white marble altar of Elyvilon.
  2138 | D:3      | Found a shimmering altar of Xom.
  2147 | D:3      | Reached skill level 8 in Axes
  2147 | D:3      | Reached XP level 6. HP: 51/51 MP: 6/6
  2400 | D:4      | Found a staircase to the Ecumenical Temple.
  2417 | Temple   | Entered the Ecumenical Temple
  2782 | D:4      | Noticed Menkaure
  2785 | D:4      | Killed Menkaure
  2785 | D:4      | Reached skill level 9 in Axes
  2835 | D:4      | Reached XP level 7. HP: 48/57 MP: 7/7
  2867 | D:4      | Reached skill level 10 in Axes
  3316 | D:4      | Found Abbeuner's Distillery.
  3357 | D:5      | Entered Level 5 of the Dungeon
  3443 | D:5      | Reached skill level 11 in Axes
  3460 | D:5      | Reached XP level 8. HP: 40/64 MP: 8/8
  3624 | D:5      | Noticed a slime creature
  3625 | D:5      | Noticed a slime creature
  3637 | D:5      | Mangled by a large slime creature

Levels and vault maps discovered:
D:1:      wander_arrival_lonely_grave, layout_basic, st_stairs_6,
          minmay_hexomino_c4
D:2:      layout_loops_ring, grunt_dithmenos_smoke_and_mirrors
D:3:      layout_loops_ring, led_xom_imps, marbit_many_paths
D:4:      layout_cave_pools, minmay_temple_entry_offerings, serial_shops,
          kennysheep_mini_moat, first_ration, saegor_snake_ambush, uniq_menkaure
D:5:      cheibrodos_fertilizer, layout_rooms, nicolae_overflow_hidden_temple,
          serial_bayou_ford_a
Temple:   minmay_temple_forest_path

Skill      XL: |  1  2  3  4  5  6  7 |
---------------+----------------------+-----
Axes           | 3 4 5 6 8 9 11 | 11.5
Fighting       | |  3.6
Armour         | |  3.2
Shields        | |  3.2

Action                   |  1- 3 |  4- 6 |  7- 9 || total
-------------------------+-------+-------+-------++-------
Melee: War axe           |   100 |   148 |    17 ||   265
       Trident           |       |       |    97 ||    97
Evoke: Wand              |       |     2 |     1 ||     3
  Use: Potion            |       |       |     1 ||     1
  Eat: Chunk             |     1 |     3 |     2 ||     6
       Ration            |       |     1 |       ||     1
Armor: Scale mail        |    46 |    40 |     7 ||    93
       Plate armour      |       |       |    88 ||    88
Dodge: Dodged            |    28 |    31 |    27 ||    86
Block: Shield            |    50 |    60 |    65 ||   175
